 Dungeon Crawl Stone Soup version 0.31-a0-595-g4209ae197b (webtiles) character file.

Game seed: 5603900568617827891

770 AdnanSaban the Cudgeller (level 7, -11/44 HPs)
             Began as a Gargoyle Fighter on Aug 20, 2023.
             Mangled by an ogre
             ... wielding a +0 giant club
              (18 damage)
             ... on level 4 of the Dungeon.
             The game lasted 00:03:52 (3872 turns).

AdnanSaban the Cudgeller (Gargoyle Fighter)         Turns: 3872, Time: 00:03:53

Health: -11/44     AC: 12    Str: 21    XL:     7   Next: 83%
Magic:  7/7        EV:  9    Int:  9    God:
Gold:   232        SH:  4    Dex:  9    Spells: 6/6 levels left

rFire   . . .        a - +0 flail
rCold   . . .        c - +0 buckler
rNeg    + . .        b - +0 scale mail
rPois   ∞            (no helmet)
rElec   +            (no cloak)
rCorr   .            (no gloves)
SInv    .            (no boots)
Will    .....        o - amulet of the acrobat Stlth
                     (no ring)
HPRegen 0.27/turn    (no ring)
MPRegen 0.10/turn

%: acrobat
@: no status effects
A: sickness immunity, AC +4, negative energy resistance 1, electricity
resistance, torment resistance 1, petrification resistance
a: no special abilities


You were on level 4 of the Dungeon.
You visited 1 branch of the dungeon, and saw 5 of its levels.

You collected 232 gold pieces.

Inventory:

Hand Weapons
 a - a +0 flail (weapon)
Missiles
 l - 5 boomerangs (quivered)
Armour
 b - a +0 scale mail (worn)
 c - a +0 buckler (worn)
Jewellery
 o - an amulet of the acrobat (around neck)
 v - a ring of fire
Wands
 r - a wand of flame (6)
 s - a wand of paralysis (11)
Scrolls
 f - a scroll of vulnerability {unknown}
 g - 2 scrolls of immolation {unknown}
 i - a scroll of identify {unknown}
 k - a scroll of teleportation {unknown}
 n - a scroll of silence {unknown}
 p - a scroll of fog {unknown}
 q - 2 scrolls of revelation {unknown}
 u - a scroll of enchant weapon {unknown}
Potions
 d - a potion of might
 e - a potion of heal wounds {unknown}
 h - a potion of ambrosia {unknown}
 j - 2 potions of lignification {unknown}
 m - a potion of brilliance {unknown}
 t - a potion of enlightenment {unknown}


   Skills:
 + Level 4.9 Fighting
 + Level 5.9 Maces & Flails
 + Level 0.8 Throwing
 + Level 5.1 Armour
 + Level 1.5 Dodging
 + Level 4.3 Shields


You had 6 spell levels left.
You didn't know any spells.
Your spell library contained the following spells:

 Spells                   Type           Power      Damage    Failure   Level
 Freeze                   Ice            0%         1d3       78%         1
 Kiss of Death            Conj/Necr      0%         2d5       78%         1
 Confusing Touch          Hex            0%         N/A       98%         3
 Dazzling Flash           Conj/Hex       0%         N/A       98%         3
 Frozen Ramparts          Ice            0%         1d1       98%         3
 Hailstorm                Conj/Ice       0%         3d3       98%         3
 Volatile Blastmotes      Fire/Tloc      0%         2d10      98%         3
 Dispel Undead            Necr           0%         3d6       100%        4
 Starburst                Conj/Fire      0%         6d3       100%        6
 Maxwell's Capacitive Co  Air            0%         ∞         100%        8


Dungeon Overview and Level Annotations

Branches:
Dungeon (5/15)
 Temple: D:4-7

Altars:
Makhleb
Nemelex Xobeh

Shops:
D:4 =(*[


Innate Abilities, Weirdness & Mutations

You are immune to sickness and miasma.
Your stone body is resilient. (AC +4)
You are immune to poison.
You resist negative energy. (rN+)
You are resistant to electric shocks. (rElec)
You are resistant to unholy torment.
You are immune to petrification.


Message History

There is a stone staircase leading up here.
You now have 232 gold pieces (gained 10).
Found an escape hatch in the ceiling.
An ogre comes into view. It is wielding a +0 giant club.
Found an escape hatch in the floor.
An ogre is nearby!
An ogre comes into view. It is wielding a +0 giant spiked club.
There is a stone staircase leading up here.
You throw a boomerang.
The boomerang completely misses the ogre.
The boomerang hits the ogre and shatters for extra damage.
The ogre is lightly wounded.
The ogre hits you with a +0 giant club!
You climb upwards.
There is a stone staircase leading down here.
You hit the ogre but do no damage. The ogre hits you with a +0 giant club!
* * * LOW HITPOINT WARNING * * *
You are too injured to fight recklessly!
You barely miss the ogre. You completely miss the ogre.
The ogre hits you but does no damage.
You hit the ogre.
The ogre is lightly wounded.
The ogre barely misses you.
You hit the ogre.
The ogre is lightly wounded.
The ogre hits you with a +0 giant club.
* * * LOW HITPOINT WARNING * * *
You hit the ogre.
The ogre is moderately wounded.
You hit the ogre.
The ogre is heavily wounded.
The ogre hits you with a +0 giant club!
* * * LOW HITPOINT WARNING * * *
You sock the ogre!
The ogre is severely wounded.
The ogre barely misses you.
You sock the ogre!
The ogre is almost dead.
The ogre hits you with a +0 giant club!!
You die...

#.......................
#####+#'#############...
#.#.#....)..........
#.#.#.###########...
#.#.#.#.......# ###.
#.#.#.#.#####.#####.
###'#.#...............
#..........####.#####.
#....@................
#..).O..............#.
#...................#.
#......#..............
#....).#...####'#'#...
#......##.#####÷#.#.#.
#.........# #...#.#.#.
#......#### #...#.#.#.
#......# #...#.#.#.


You could see an ogre.

Vanquished Creatures
  Grinder (D:4)
  Sigmund (D:4)
  A sky beast (D:4)
  3 hounds (D:4)
  A jelly (D:4)
  Ijyb (D:4)
  3 orc wizards (D:4)
  3 dart slugs
  9 orcs
  8 ball pythons
  5 bats
  2 endoplasms
  4 giant cockroaches
  6 goblins
  11 hobgoblins
  10 jackals
  A quokka (D:4)
  A frilled lizard (D:3)
  2 kobolds
  12 rats
85 creatures vanquished.

Notes
Turn   | Place    | Note
-------+----------+-------------------------------------------
     0 | D:1      | AdnanSaban the Gargoyle Fighter began the quest for the
                  | Orb.
     0 | D:1      | Reached XP level 1. HP: 14/14 MP: 1/1
    28 | D:1      | Reached XP level 2. HP: 16/19 MP: 2/2
   311 | D:1      | Reached XP level 3. HP: 24/24 MP: 3/3
  1029 | D:3      | Noticed a sky beast
  1185 | D:3      | Reached XP level 4. HP: 14/29 MP: 4/4
  1901 | D:3      | Found a burning altar of Makhleb.
  1901 | D:3      | Found a sparkling altar of Nemelex Xobeh.
  2384 | D:4      | Noticed Sigmund
  2572 | D:4      | Reached XP level 5. HP: 21/33 MP: 5/5
  2659 | D:4      | Killed Sigmund
  2660 | D:4      | Reached XP level 6. HP: 20/38 MP: 6/6
  2733 | D:4      | Killed a sky beast
  2734 | D:4      | Reached skill level 1 in Dodging
  2805 | D:4      | Noticed Ijyb
  2810 | D:4      | Paralysed by Ijyb for 2 turns
  2816 | D:4      | Paralysed by Ijyb for 5 turns
  2828 | D:4      | Killed Ijyb
  2873 | D:4      | Noticed Grinder
  2892 | D:4      | Paralysed by Grinder for 5 turns
  2907 | D:4      | Paralysed by Grinder for 4 turns
  2915 | D:4      | Killed Grinder
  2916 | D:4      | Reached skill level 5 in Maces & Flails
  2916 | D:4      | Reached skill level 5 in Armour
  2916 | D:4      | Reached XP level 7. HP: 23/44 MP: 7/7
  3036 | D:4      | Found Emarovvo's Antique Armour Shoppe.
  3044 | D:4      | Found Cuegopsa's Antique Weapon Emporium.
  3044 | D:4      | Found Dicin's Assorted Antiques.
  3169 | D:4      | Found Sosaitz's Jewellery Shoppe.
  3826 | D:5      | Entered Level 5 of the Dungeon
  3872 | D:4      | Mangled by an ogre

Illustrated notes

Levels and vault maps discovered:
D:1:      dpeg_arrival_round_b, layout_rooms
D:2:      layout_rooms, minivault_4, chequers_serial_rivers_small_3
D:3:      layout_basic, nicolae_overflow_two_pavilions,
          minmay_misc_feat_nine_boxes
D:4:      layout_basic, nicolae_wooded_promenade, uniq_grinder, uniq_sigmund,
          uniq_ijyb
D:5:      layout_cave_pods, minitemple, lemuel_doored_altar, lemuel_round_altar,
          nicolae_shop_i_like_big_books, grunt_ministairs_12

Skill      XL: |  1  2  3  4  5  6 |
---------------+-------------------+-----
Maces & Flails | 3 4 5 |  5.9
Fighting       | 4 |  4.9
Armour         | 4 5 |  5.1
Shields        | 4 |  4.3
Dodging        | 1 |  1.5
Throwing       | |  0.8

Action                     |  1- 3 |  4- 6 |  7- 9 || total
---------------------------+-------+-------+-------++-------
  Melee: Flail             |   156 |   113 |    82 ||   351
  Throw: Boomerang         |       |    14 |     1 ||    15
 Armour: Scale mail        |   112 |    67 |    44 ||   223
  Dodge: Dodged            |    77 |    39 |    27 ||   143
  Block: Buckler           |    34 |    29 |    16 ||    79

Table legend: (Time is in decaauts)
 A = Elapsed time spent in this place.
 B = Non-inter-level travel time spent in this place.
 C = Inter-level travel time spent in this place.
 D = Time resting spent in this place.
 E = Time spent auto-exploring this place.
 F = Levels seen in this place.
 G = Mean time per level.
                   A        B        C        D        E       F      G
               +--------+--------+--------+--------+--------+-----+--------+
         Total |   3975 |   3644 |    331 |      0 |   2783 |   5 |  795.0 |
       Dungeon |   3975 |   3644 |    331 |      0 |   2783 |   5 |  795.0 |
               +--------+--------+--------+--------+--------+-----+--------+

Top non-repeatable levels by time:
     D:3: 1537 daAuts
     D:4: 1352 daAuts
     D:1: 545 daAuts
     D:2: 502 daAuts
     D:5: 37 daAuts
